 Dungeon Crawl Stone Soup version 0.30.1-9-gdf580d7c3d (webtiles) character file.

Game seed: 1638364517560388449

3518 GreenGuy14 the Cleaver (level 9, -1/82 HPs)
             Began as a Minotaur Monk on Oct 24, 2023.
             Was a Priest of Uskayaw.
             Slain by a +1 rapier of speed (6 damage)
             ... created by the rancor of the Wu Jian Council
             ... on level 6 of the Dungeon.
             The game lasted 00:13:38 (6064 turns).

GreenGuy14 the Cleaver (Minotaur Monk)              Turns: 6064, Time: 00:13:40

Health: -1/82      AC: 14    Str: 25    XL:     9   Next: 81%
Magic:  4/8        EV: 11    Int:  6    God:    Uskayaw [***...]
Gold:   276        SH:  0    Dex: 14    Spells: 8/8 levels left

rFire   . . .        l - +0 war axe
rCold   . . .        d - orb {light}
rNeg    + . .        e - +0 chain mail
rPois   +            (helmet restricted)
rElec   .            u - +2 ratskin cloak {*Rats rPois rN+ Str-1 Int-1 Dex+1}
rCorr   .            (no gloves)
SInv    +            (no boots)
Will    .....        (no amulet) Stlth
                     o - ring of see invisible
HPRegen 0.33/turn    r - +6 ring of strength
MPRegen 0.11/turn

%: no passive effects
@: glowing
A: horns 2, retaliatory headbutt
a: Renounce Religion, Stomp, Line Pass


You were on level 6 of the Dungeon.
You worshipped Uskayaw.
Uskayaw was noncommittal.
You visited 2 branches of the dungeon, and saw 7 of its levels.

You collected 276 gold pieces.

Inventory:

Hand Weapons
 a - a +1 hand axe
 l - a +0 war axe (weapon)
Armour
 b - a +0 robe
 d - an orb of light (worn)
 e - a +0 chain mail (worn)
 i - a +0 cloak
 u - the +2 ratskin cloak (worn) {*Rats rPois rN+ Str-1 Int-1 Dex+1}
   (You found it on level 6 of the Dungeon)

   *Rats:     When the wearer is hurt, rats may emerge from it to assist them.
   Str:       It affects your strength (-1).
   Int:       It affects your intelligence (-1).
   Dex:       It affects your dexterity (+1).
   rPois:     It protects you from poison.
   rN:        It protects you from negative energy.
Jewellery
 o - a ring of see invisible (left hand)
 p - a ring of magical power
 q - a ring of willpower
 r - a +6 ring of strength (right hand)
 t - a +6 ring of dexterity
Wands
 c - a wand of mindburst (7)
Scrolls
 v - a scroll of teleportation
 x - a scroll of identify
 y - a scroll of fog {unknown}
Potions
 f - a potion of lignification
 g - 2 potions of attraction {unknown}
 h - 2 potions of mutation
 j - 2 potions of degeneration {unknown}
 m - 2 potions of might {unknown}
 n - 3 potions of brilliance {unknown}
 s - a potion of resistance {unknown}
 w - a potion of invisibility {unknown}
 z - 2 potions of berserk rage {unknown}


   Skills:
 + Level 8.4 Fighting
 + Level 11.7 Axes
 + Level 8.8 Armour
 + Level 4.8 Dodging
 + Level 1.5 Stealth
 + Level 0.3 Evocations


You had 8 spell levels left.
You didn't know any spells.
Your spell library contained the following spells:

 Spells                   Type           Power      Damage    Failure   Level
 Ensorcelled Hibernation  Hex/Ice        0%         N/A       97%         2
 Static Discharge         Conj/Air       0%         2-2/arc   97%         2
 Spider Form              Tmut/Pois      0%         N/A       99%         3
 Airstrike                Air            0%         2d(0-16)  100%        4
 Anguish                  Hex/Necr       0%         N/A       100%        4
 Summon Lightning Spire   Summ/Air       0%         N/A       100%        4


Dungeon Overview and Level Annotations

Branches:
Dungeon (6/15)             Temple (1/1) D:6

Altars:
Ashenzari
Cheibriados
Hepliaklqana
Kikubaaqudgha
Nemelex Xobeh
Ru
Uskayaw
Wu Jian
Xom
Yredelemnul
Zin

Shops:
D:2 !   D:5 !

Annotations:
D:6 Blork the orc


Innate Abilities, Weirdness & Mutations

You have a pair of horns on your head.
You reflexively headbutt those who attack you in melee.


Message History

The +1 rapier of speed is heavily damaged.
You hit the +2 dire flail of freezing. You hit the +4 great sword of speed.
The +1 rapier of speed hits you!
A river rat scurries out from under your cloak.
The +4 great sword of speed hits you!
* * * LOW HITPOINT WARNING * * *
The +2 dire flail of freezing hits you.
* * * LOW HITPOINT WARNING * * *
The +2 dire flail of freezing freezes you.
* * * LOW HITPOINT WARNING * * *
The +1 rapier of speed hits you!
* * * LOW HITPOINT WARNING * * *
Uskayaw will force your foes to helplessly watch your dance.
Uskayaw prepares the audience for your solo!
Okay, then.
You hit the +1 rapier of speed.
You headbutt the +1 rapier of speed, but do no damage.
The +1 rapier of speed is heavily damaged.
You hit the +2 dire flail of freezing. You hit the +4 great sword of speed.
You feel yourself speed up.
You feel less confused.
The +1 rapier of speed is no longer paralysed.
The +4 great sword of speed is no longer paralysed.
The +2 dire flail of freezing is no longer paralysed.
The +1 rapier of speed hits you but does no damage.
The +4 great sword of speed barely misses you.
The +2 dire flail of freezing misses you.
Your river rat bites the +2 dire flail of freezing!
The +2 dire flail of freezing is destroyed!
Okay, then.
Aiming: Line Pass
Press: ? - help, Dir - move target The +1 rapier of speed appears confused.
The +1 rapier of speed seems less confused.
The +1 rapier of speed hits you but does no damage. x2
Aiming: Paralyse
Press: ? - help, Q - select action, (/) - cycle Shift-Dir - straight line, f - +1 rapier of speed
Aim: a +1 rapier of speed (heavily damaged, durably summoned, ally target, haloed, infinite will)
The +1 rapier of speed is unaffected.
The now-empty wand crumbles to dust.
The +1 rapier of speed hits you.
You die...

##.......>..^.......# #.#.### *#
#...###########.###)###.#.# *##8
#..## ### #.....)...##....######.
#..# ##.###.##'))##.##........#o.
...###...####...))##..........##.
..........##..#.#r)#<.###.##.###8
#(####...#.#♣.#.#(♣##.# #.##.# **
#.# ##.##.#..#.#(.#..# #.##.# #.#
#.##.##...@.##.## #.##.# #.#
#.##.###.??###.####.##.# #.###
#.##.# ##### #.>....##.# .<..#
#.##.# #########.# ..#<#
#.##.#################.# ###.#
#.#.)..................# #.#
#.#.)################### #.#
#.#..# #.###...[#


You could see 2 dancing weapons and a friendly river rat.

Vanquished Creatures
  Pikel (D:5)
  The ghost of kaesle the Trooper, a novice HOFi of Yredelemnul (D:5)
  Maggie (D:6)
  A dancing weapon (D:6)
  Menkaure (D:6)
  An ogre (D:4)
  2 centaurs (D:6)
  A lemure (D:5)
  8 kobold brigands (D:6)
  A bullfrog (D:6)
  3 scorpions
  2 quasits (D:5)
  An orc priest (D:4)
  A gnoll bouda (D:5)
  A hound (D:3)
  A jelly (D:6)
  4 iguanas
  Terence (D:2)
  7 orc wizards
  10 gnolls
  15 adders
  2 white imps
  An ufetubus (D:6)
  2 dart slugs
  15 orcs
  3 bats (D:2)
  9 endoplasms
  8 goblins
  6 hobgoblins
  6 jackals
  4 quokkas
  7 ball pythons
  4 frilled lizards
  8 kobolds
  5 rats
144 creatures vanquished.

Vanquished Creatures (collateral kills)
  The ghost of leafyfresh the Covert, a novice GnDe (D:6)
  A dancing weapon (D:6)
  2 kobold brigands (D:6)
  4 orcs (D:6)
8 creatures vanquished.

Grand Total: 152 creatures vanquished

Notes
Turn   | Place    | Note
-------+----------+-------------------------------------------
     0 | D:1      | GreenGuy14 the Minotaur Monk began the quest for the Orb.
     0 | D:1      | Reached XP level 1. HP: 19/19 MP: 0/0
   253 | D:1      | Reached XP level 2. HP: 22/27 MP: 1/1
   259 | D:1      | Reached skill level 4 in Axes
   885 | D:2      | Reached XP level 3. HP: 26/33 MP: 2/2
  1088 | D:2      | Noticed Terence
  1095 | D:2      | Killed Terence
  1096 | D:2      | Reached skill level 1 in Armour
  1096 | D:2      | Reached XP level 4. HP: 33/41 MP: 3/3
  1185 | D:2      | Found Coruit's Distillery.
  1391 | D:2      | Reached skill level 5 in Axes
  1527 | D:2      | Reached XP level 5. HP: 46/47 MP: 4/4
  1955 | D:3      | Found a hazy altar of Hepliaklqana.
  1956 | D:3      | Found a shimmering altar of Xom.
  1957 | D:3      | Noticed a spectral ugly thing
  2093 | D:3      | Found an ancient bone altar of Kikubaaqudgha.
  2168 | D:3      | Reached skill level 5 in Fighting
  2515 | D:4      | Noticed an ogre
  2534 | D:4      | Killed an ogre
  2535 | D:4      | Reached XP level 6. HP: 45/56 MP: 5/5
  2552 | D:4      | Found a sacrificial altar of Ru.
  2669 | D:4      | Reached skill level 6 in Axes
  3695 | D:5      | Entered Level 5 of the Dungeon
  3756 | D:5      | Reached XP level 7. HP: 7/62 MP: 6/6
  3756 | D:5      | HP: 1/62 [iguana (6)]
  3914 | D:5      | Reached skill level 7 in Axes
  4188 | D:5      | Noticed Pikel
  4200 | D:5      | Killed Pikel
  4201 | D:5      | Reached skill level 9 in Axes
  4201 | D:5      | Reached skill level 5 in Armour
  4201 | D:5      | Reached XP level 8. HP: 45/71 MP: 7/7
  4421 | D:5      | Found a transporter.
  4425 | D:5      | Noticed kaesle's ghost (novice HOFi)
  4426 | D:5      | Found Ligask's Distillery.
  4478 | D:5      | Killed kaesle's ghost
  4479 | D:5      | Reached skill level 10 in Axes
  4638 | D:5      | Found a transporter.
  4852 | D:6      | Found a runed translucent gate.
  4852 | D:6      | Found a runed translucent gate.
  4852 | D:6      | Found a runed translucent gate.
  4852 | D:6      | Found the +2 ratskin cloak {*Rats rPois rN+ Str-1 Int-1
                  | Dex+1}
  4855 | D:6      | Noticed Maggie
  4856 | D:6      | Noticed leafyfresh's ghost (novice GnDe)
  4886 | D:6      | Killed Maggie
  4887 | D:6      | Reached XP level 9. HP: 14/79 MP: 8/8
  5214 | D:6      | Found an ornate altar of the Wu Jian Council.
  5277 | D:6      | Became a worshipper of the Wu Jian Council
  5277 | D:6      | Reached * piety under Wu Jian
  5277 | D:6      | Reached ** piety under Wu Jian
  5295 | D:6      | Found a broken altar of Ashenzari.
  5298 | D:6      | Noticed Blork the orc
  5416 | D:6      | Noticed Menkaure
  5425 | D:6      | Killed Menkaure
  5567 | D:6      | Found a staircase to the Ecumenical Temple.
  5581 | Temple   | Entered the Ecumenical Temple
  5681 | Temple   | Fell from the grace of Wu Jian
  5681 | Temple   | Became a worshipper of Uskayaw the Reveller
  5801 | D:6      | Reached * piety under Uskayaw
  5963 | D:6      | Reached ** piety under Uskayaw
  5966 | D:6      | Reached *** piety under Uskayaw
  5967 | D:6      | Reached skill level 1 in Stealth
  5968 | D:6      | Reached **** piety under Uskayaw
  5969 | D:6      | Reached skill level 11 in Axes
  5971 | D:6      | Reached ***** piety under Uskayaw
  5972 | D:6      | Killed leafyfresh's ghost
  6061 | D:6      | HP: 4/82 [+1 rapier of speed[the rancor of the Wu Jian
                  | Council] (7)]
  6064 | D:6      | Slain by a +1 rapier of speed

Illustrated notes

Levels and vault maps discovered:
D:1:      dpeg_arrival_water_fire, layout_basic, moated_statue
D:2:      mumra_celtic_spiral_tile, layout_loops_ring, serial_shops,
          nicolae_shop_behind_doors, minmay_misc_feat_square, uniq_terence
D:3:      layout_basic, regret_index_temple_of_mockery, lemuel_doored_altar,
          kennysheep_generic_room_4
D:4:      layout_basic, nicolae_ru_sacrificial_ziggurat,
          serial_co_window_serial, co_window_paths_b, co_window_corner_a,
          co_window_of_opportunity_a, co_window_of_opportunity_a,
          co_window_paths_b, co_window_corner_a, co_window_corner_a,
          co_window_corner_ca, co_window_unsneaky_path_d,
          co_window_of_opportunity_b, co_window_broadway_b, co_window_2corner,
          co_window_broadway_a, glass_columns_b, glass_columns_b,
          glass_columns_a, glass_columns_c, grunt_ministairs_11
D:5:      layout_rooms, gammafunk_ghost_stat_death, serial_shops, shop,
          kennysheep_cross_room, minmay_a_box_with_orc_wizards_in_it, uniq_pikel
D:6:      layout_loops_ring, nicolae_overflow_hidden_temple,
          lemuel_crystal_altar, temple_fountains, gammafunk_ghost_nasty_kobolds,
          uniq_blork_the_orc, uniq_menkaure, uniq_maggie
Temple:   nicolae_temple_two_arcs

Skill      XL: |  1  2  3  4  5  6  7  8  9 |
---------------+----------------------------+-----
Axes           | 4 5 6 9 10 11 | 11.7
Fighting       | 4 5 6 7 8 |  8.4
Armour         | 1 2 4 5 7 8 |  8.8
Dodging        | 4 |  4.8
Stealth        | 1 |  1.5
Evocations     | |  0.3

Action                     |  1- 3 |  4- 6 |  7- 9 || total
---------------------------+-------+-------+-------++-------
  Melee: Hand axe          |    55 |   134 |       ||   189
         Headbutt          |    11 |    32 |    42 ||    85
         War axe           |       |    20 |   130 ||   150
 Invoke: Line Pass         |       |       |     2 ||     2
         Stomp             |       |       |     1 ||     1
Ability: Wall Jump         |       |       |     3 ||     3
         Lunge             |       |       |     2 ||     2
  Evoke: Wand              |       |     5 |     1 ||     6
    Use: Scroll            |       |     8 |     2 ||    10
         Potion            |       |     4 |     1 ||     5
   Stab: Paralysed         |       |     1 |     2 ||     3
         Confused          |       |       |     1 ||     1
 Armour: Chain mail        |    26 |    98 |    89 ||   213
  Dodge: Dodged            |    12 |    91 |    82 ||   185
